 Dungeon Crawl Stone Soup version 0.18-b1-22-ge198996 (webtiles) character file.

683 wvc the Cudgeler (level 7, -1/50 HPs)
             Began as a Mummy Gladiator on May 4, 2016.
             Slain by a worker ant (6 damage)
             ... on level 5 of the Dungeon.
             The game lasted 00:11:06 (5939 turns).

wvc the Cudgeler (Mummy Gladiator)                  Turns: 5939, Time: 00:11:07

Health: -1/50      AC: 11    Str: 19    XL:     7   Next: 35%
Magic:  16/16      EV: 11    Int: 13    God:
Gold:   251        SH:  0    Dex: 12    Spells: 1 memorised, 2 levels left

rFire  x . .     SeeInvis .     l - -3 flail (curse)
rCold  + . .     Gourm    .     j - +3 ring mail
rNeg   + + +     Faith    .     (no shield)
rPois  ∞         Spirit   .     c - +0 helmet
rElec  .         Dismiss  .     e - +1 cloak
rCorr  .         Reflect  .     (no gloves)
SustAt .         Harm     .     (no boots)
MR     .....                    (no amulet)
Stlth  +.........               o - ring of magical power
                                f - +4 ring of intelligence

@: not resistant to hostile enchantments, very unstealthy
A: no food or potions, fire vulnerability, cold resistance 1, negative energy
resistance 3, torment resistance, unbreathing
a: no special abilities


You were on level 5 of the Dungeon.
You were not hungry.

You visited 1 branch of the dungeon, and saw 5 of its levels.

You collected 251 gold pieces.

Inventory:

Hand Weapons
 a - a +1 flail
 b - a +1 whip of electrocution
 l - a cursed -3 flail (weapon)
 p - a +0 flail of crushing
Missiles
 g - a throwing net (quivered)
Armour
 c - a +0 helmet (worn)
 e - a +1 cloak (worn)
 j - a +3 ring mail (worn)
Jewellery
 f - a +4 ring of intelligence (left hand)
 h - a +5 ring of intelligence
 m - an uncursed amulet of magic regeneration
 o - a ring of magical power (right hand)
Wands
 d - a wand of lightning (0/15)
Scrolls
 i - 3 scrolls of amnesia
 n - 2 scrolls of magic mapping
Books
 k - a book of Necromancy

   Spells                             Type                      Level
   a - Pain                           Necromancy                   1
   b - Animate Skeleton               Necromancy                   1
   c - Vampiric Draining              Necromancy                   3
   d - Regeneration                   Charms/Necromancy            3
   e - Animate Dead                   Necromancy                   4
   f - Control Undead                 Necromancy                   4


   Skills:
 + Level 2.0 Fighting
 * Level 7.1 Maces & Flails
 - Level 1.5 Throwing
 + Level 0.1 Armour
 + Level 2.5 Dodging


You had 2 spell levels left.
You knew the following spells:

 Your Spells              Type           Power        Failure   Level  Hunger
a - Animate Dead          Necr           N/A          100%        4    N/A

Dungeon Overview and Level Annotations

Branches:
Dungeon (5/15)
 Temple: D:4-7

Altars:


Innate Abilities, Weirdness & Mutations

You do not eat or drink.
Your flesh is vulnerable to fire.
You are immune to poison.
Your flesh is cold resistant.
You are immune to negative energy.
You are immune to unholy pain and torment.
You can survive without breathing.


Message History

Your ring mail prevents you from hitting the adder.
The adder bites you but does no damage. The adder bites you.
* * * LOW HITPOINT WARNING * * *
Read which item? (? for menu, Esc to quit)
Okay, then.
You sock the adder!
The adder is severely wounded.
The adder closely misses you. The adder bites you but does no damage.
You sock the adder!
You kill the adder!
You sock the worker ant!
The worker ant is heavily wounded.
The worker ant bites you but does no damage.
You closely miss the worker ant.
The worker ant is heavily wounded.
The worker ant bites you but does no damage.
You hit the worker ant.
The worker ant is severely wounded.
The worker ant misses you. The worker ant bites you.
You die...

###..# ###...##
###...#.# ##...###.#
#####..### #.#
..<...######.#
###..........###
#.######.....#######
#.# #.###..@a.).#
#.# #.# #######....#
#.# #.# ...#########
#.# #.# #..........
#.# #.# ########.
#.# #.# ## #.# #.#


You could see a worker ant.

Vanquished Creatures
  An ogre (D:5)
  2 hounds
  A jelly (D:5)
  A centaur skeleton (D:4)
  3 orc wizards
  Terence (D:2)
  4 worker ants
  Robin (D:2)
  3 gnolls
  A howler monkey skeleton (D:4)
  7 adders
  An ooze (D:2)
  3 adder skeletons (D:4)
  3 worms
  5 dart slugs
  3 giant geckos
  18 orcs
  5 ball pythons
  7 bats
  2 giant cockroaches (D:2)
  12 goblins
  8 hobgoblins
  7 jackals
  3 quokkas
  7 giant newts
  9 kobolds
  A quokka skeleton (D:5)
  9 rats
128 creatures vanquished.

Notes
Turn   | Place    | Note
--------------------------------------------------------------
     0 | D:1      | wvc the Mummy Gladiator began the quest for the Orb.
     0 | D:1      | Reached XP level 1. HP: 16/16 MP: 1/1
   409 | D:1      | Reached XP level 2. HP: 22/22 MP: 2/2
   475 | D:1      | Reached skill level 3 in Maces & Flails
  1014 | D:2      | Reached XP level 3. HP: 20/27 MP: 3/3
  1098 | D:2      | Noticed Robin
  1116 | D:2      | HP: 1/27 [hobgoblin/club[Robin] (5)]
  1158 | D:1      | HP: 1/27 [goblin/club (1)]
  1466 | D:2      | Killed Robin
  1798 | D:2      | Reached skill level 4 in Maces & Flails
  1845 | D:2      | Reached XP level 4. HP: 23/33 MP: 4/4
  2046 | D:2      | Noticed Terence
  2053 | D:2      | Killed Terence
  2692 | D:2      | You fall through a shaft!
  2783 | D:3      | Reached XP level 5. HP: 18/38 MP: 5/5
  3072 | D:2      | Reached skill level 5 in Maces & Flails
  3488 | D:3      | Found a faded altar to an unknown god.
  4226 | D:4      | Reached XP level 6. HP: 24/44 MP: 6/6
  4384 | D:4      | Learned a level 4 spell: Animate Dead
  4595 | D:4      | Reached skill level 6 in Maces & Flails
  5395 | D:4      | Reached XP level 7. HP: 34/50 MP: 7/7
  5767 | D:5      | Entered Level 5 of the Dungeon
  5925 | D:5      | Reached skill level 7 in Maces & Flails
  5939 | D:5      | Slain by a worker ant

Skill      XL: |  1  2  3  4  5  6  7 |
---------------+----------------------+-----
Maces & Flails | 3 4 5 6 7 |  7.1
Fighting       | |  2.0
Throwing       | |  1.5
Armour         | |  0.1
Dodging        | |  2.5

Action                   |  1- 3 |  4- 6 |  7- 9 || total
-------------------------+-------+-------+-------++-------
Melee: Flail             |   162 |   523 |    49 ||   734
Throw: Throwing net      |     2 |     4 |     1 ||     7
Evoke: Wand              |       |     1 |       ||     1
  Use: Scroll            |       |    10 |       ||    10
 Stab: Held in net/web   |       |     1 |     1 ||     2
       Sleeping          |       |     1 |       ||     1
Armor: Leather armour    |    44 |       |       ||    44
       Animal skin       |    10 |     3 |       ||    13
       Ring mail         |       |   276 |    21 ||   297
Dodge: Dodged            |   130 |   336 |    20 ||   486
